 Dungeon Crawl Stone Soup version 0.29.1-15-g9cfb28693d (webtiles) character file.

Game seed: 5143550734173633643

1462 101zpm the Magician (level 9, -5/55 HPs)
             Began as a Djinni Fire Elementalist on Apr 22, 2023.
             Shot with an arrow by a centaur (6 damage)
             ... on level 7 of the Dungeon.
             The game lasted 00:25:11 (10233 turns).

101zpm the Magician (Djinni Fire Elementalist)     Turns: 10233, Time: 00:25:11

Health: -5/55      AC:  5    Str:  5    XL:     9   Next: 5%
Gold:   294        EV:  9    Int: 20    God:
                   SH:  0    Dex: 15

rFire   + + +      SeeInvis +   n - staff of cold
rCold   . . .      Faith    .   (no shield)
rNeg    . . .      Spirit   .   y - +0 ring mail "Ireric" {Fly rF+ Str-2 SInv}
rPois   ∞          Reflect  .   (no helmet)
rElec   .          Harm     .   (no cloak)
rCorr   .          Rampage  .   (no gloves)
Will    .....                   (boots unavailable)
Stlth   ++........              (no amulet)
HPRegen 0.18/turn               (no ring)
MPRegen 0.00/turn               (no ring)

@: flying, very slightly contaminated
A: sickness immunity, fire resistance 2, cold vulnerability 1, float, innate
caster, HP casting, extra vitality 1
a: no special abilities


You were on level 7 of the Dungeon.
You visited 2 branches of the dungeon, and saw 8 of its levels.

You collected 294 gold pieces.

Inventory:

Armour
 a - a +0 robe
 y - the +0 ring mail "Ireric" (worn) {Fly rF+ Str-2 SInv}
   (You found it on level 5 of the Dungeon)

   Str:       It affects your strength (-2).
   rF:        It protects you from fire.
   SInv:      It lets you see invisible.
   Fly:       It grants you flight.
Magical Staves
 n - a staff of cold (weapon)
Jewellery
 z - an amulet of faith
Wands
 j - a wand of roots (14)
 A - a wand of light (9)
Scrolls
 b - a scroll of fear
 c - 2 scrolls of immolation
 e - 2 scrolls of magic mapping
 i - 2 scrolls of poison
 k - 2 scrolls of noise
 s - a scroll of enchant weapon
 t - 3 scrolls of teleportation
 u - a scroll of enchant armour
 w - a scroll of brand weapon {unknown}
 B - a scroll of silence
Potions
 d - 5 potions of lignification {unknown}
 f - a potion of might {unknown}
 g - 3 potions of heal wounds {unknown}
 l - a potion of degeneration {unknown}
 m - a potion of curing {unknown}
 o - a potion of flight {unknown}
 p - a potion of cancellation {unknown}
 q - a potion of resistance {unknown}
 r - a potion of brilliance {unknown}
 v - a potion of berserk rage {unknown}
 x - 3 potions of haste {unknown}


   Skills:
 + Level 0.1 Fighting
 + Level 2.1 Armour
 + Level 2.5 Dodging
 + Level 3.0 Stealth
 + Level 7.9 Spellcasting


You had one spell level left.
You knew the following spells:

 Your Spells              Type           Power      Damage    Failure   Level
a - Foxfire               Conj/Fire      100%       2x1d9     1%          1
b - Scorch                Fire           78%        2d9       2%          2
c - Conjure Flame         Conj/Fire      39%        6-21      4%          3
d - Inner Flame           Hex/Fire       39%        N/A       4%          3
e - Flame Wave            Conj/Fire      39%        2d11      14%         4
f - Slow                  Hex            100%       N/A       1%          1
g - Ensorcelled Hibernat  Hex/Ice        100%       N/A       2%          2
h - Dazzling Flash        Conj/Hex       78%        N/A       4%          3
i - Teleport Other        Tloc           39%        N/A       4%          3
Your spell library was empty.

Dungeon Overview and Level Annotations

Branches:
Dungeon (7/15)             Temple (1/1) D:5

Altars:
Ashenzari
Dithmenos
Elyvilon
Fedhas
Hepliaklqana
Nemelex Xobeh
Okawaru
Trog
Uskayaw
Wu Jian
Xom
Yredelemnul
Zin

Portals:
Bailey: D:7

Annotations:
D:3 1 runed translucent door, Crazy Yiuf
D:6 1 runed translucent door, Vironchik's ghost, novice TrFi


Innate Abilities, Weirdness & Mutations

You are immune to sickness and miasma.
You are immune to poison.
Your flesh is very heat resistant. (rF++)
You are vulnerable to cold. (rC-)
You float through the air rather than walking.
You learn spells naturally, not from books.
Your magical power is your life essence.
You have superior vitality. (+4 MHP)


Message History

The goblin is filled with an inner flame.
The foxfire hits the goblin.
The goblin explodes!
You hear a shout!
You conjure some foxfire!
Your foxfire dissipates! x3
You conjure some foxfire!
You conjure some foxfire!
Your foxfire dissipates!
Found a flagged portal.
Your foxfire dissipates! x2
Found an escape hatch in the floor.
Your foxfire dissipates! x3
A centaur comes into view.
The centaur wields a +0 shortbow.
The centaur shoots an arrow.
The arrow hits you!
Casting: Foxfire (safe; 1% risk of failure)
Confirm with . or Enter, or press ? or * to list all spells.
Aiming: Inner Flame (dangerous; 4% risk of failure)
Press: ? - help, Dir - move target, f - centaur
Aim: a centaur, wielding a +0 shortbow (chance to affect: 89%)
The centaur is filled with an inner flame.
The centaur shoots an arrow.
The arrow closely misses you.
Casting: Inner Flame (dangerous; 4% risk of failure)
Confirm with . or Enter, or press ? or * to list all spells.
Aiming: Teleport Other (dangerous; 4% risk of failure)
Press: ? - help, Shift-Dir - straight line, f/p - centaur
Aim: a centaur, wielding a +0 shortbow (inner flame, chance to affect: 74%)
You miscast Teleport Other.
You are very lightly contaminated with residual magic.
Nothing appears to happen.
The centaur shoots an arrow.
The arrow hits you.
The centaur shoots an arrow.
The arrow hits you.
* * * LOW HITPOINT WARNING * * *
Okay, then.
The centaur shoots an arrow.
The arrow hits you.
* * * LOW HITPOINT WARNING * * *
The centaur shoots an arrow.
The arrow hits you!
* * * LOW HITPOINT WARNING * * *
The centaur shoots an arrow.
The arrow hits you.
You die...

*** *,* **,**,,****,**####### ,,*
*,* *,,,,,,,,,,,*#..[... *,* **,*
*************#...... *,***#,,*
#...... *,,,,..#** #....[<
*****..c.##* ######......
*,....c.####### ##..(........
****,≈≈~≈≈.......# *#§.#.........
*,,>,≈..°≈☼.....@###..#...#......
,,**,~>∩☼)☼○.........##...#######
,**,,≈..○○).○.....#####.#.#
,,,,,≈≈~§○..#####.# #..#.##*****
****,.............####.....#...,,
* **###########................,
* ****,,,......###............,
*****,,,,**####..*#............?.
**,,,,**** **#.#*#..........)...


You could see a centaur (inner flame).

Vanquished Creatures
  Maggie (D:7)
  A sky beast (D:7)
  A phantom (D:5)
  Blork the orc (D:6)
  A bullfrog (D:6)
  A gnoll sergeant (D:5)
  3 wights (D:6)
  5 hounds
  A jelly (D:5)
  6 iguanas
  2 orc wizards
  9 adders
  3 gnolls (D:4)
  A white imp (D:5)
  An ufetubus (D:6)
  4 worms
  3 dart slugs
  9 orcs
  9 ball pythons
  8 endoplasms
  5 giant cockroaches
  12 goblins
  8 hobgoblins
  13 jackals
  9 kobolds
  3 quokkas (D:1)
  5 bats
  8 frilled lizards
  9 rats
142 creatures vanquished.

Vanquished Creatures (others)
  523 foxfires
523 creatures vanquished.

Grand Total: 665 creatures vanquished

Notes
Turn   | Place    | Note
-------+----------+-------------------------------------------
     0 | D:1      | 101zpm the Djinni Fire Elementalist began the quest for the
                  | Orb.
     0 | D:1      | 101zpm set off with the following spells memorised:
                  | Foxfire, Scorch, Conjure Flame, Inner Flame, Flame Wave.
     0 | D:1      | Reached XP level 1. HP: 15/15 MP: 0/0
   142 | D:2      | Reached XP level 2. HP: 2/21 MP: 0/0
   938 | D:1      | Reached skill level 3 in Spellcasting
   938 | D:1      | Reached XP level 3. HP: 16/25 MP: 0/0
   938 | D:1      | Learned a level 1 spell: Slow
  2480 | D:1      | Reached XP level 4. HP: 29/31 MP: 0/0
  3955 | D:3      | Found a runed translucent door.
  3956 | D:3      | Noticed Crazy Yiuf
  4498 | D:3      | Reached skill level 4 in Spellcasting
  4498 | D:3      | Reached XP level 5. HP: 20/35 MP: 0/0
  4498 | D:3      | Learned a level 2 spell: Ensorcelled Hibernation
  4709 | D:3      | Noticed a +0 hand axe
  4709 | D:3      | Noticed a +0 hand axe
  4710 | D:3      | Found a hide-covered altar of Uskayaw.
  4956 | D:3      | Found a faded altar of an unknown god.
  5667 | D:2      | Reached XP level 6. HP: 30/40 MP: 0/0
  6532 | D:4      | Found a blossoming altar of Fedhas.
  6940 | D:4      | Reached skill level 5 in Spellcasting
  7084 | D:4      | Found a sparkling altar of Nemelex Xobeh.
  7328 | D:4      | Found an iron altar of Okawaru.
  7472 | D:5      | Entered Level 5 of the Dungeon
  7637 | D:5      | Reached XP level 7. HP: 22/45 MP: 0/0
  7637 | D:5      | Learned a level 3 spell: Dazzling Flash
  8025 | D:5      | Reached skill level 6 in Spellcasting
  8433 | D:5      | Found a staircase to the Ecumenical Temple.
  8498 | D:5      | Found an ornate altar of the Wu Jian Council.
  8579 | D:5      | Found a bloodstained altar of Trog.
  8650 | D:5      | Identified the +0 ring mail "Ireric" {Fly rF+ Str-2 SInv}
  8874 | D:6      | Noticed Blork the orc
  8884 | D:6      | Killed Blork the orc
  8885 | D:6      | Reached XP level 8. HP: 40/50 MP: 0/0
  9314 | D:6      | Found a runed translucent door.
  9315 | D:6      | Found a shimmering altar of Xom.
  9315 | D:6      | Noticed Vironchik's ghost (novice TrFi)
  9315 | D:6      | Noticed a +0 falchion of chaos
  9389 | D:6      | Reached skill level 7 in Spellcasting
  9403 | D:6      | Reached skill level 1 in Armour
  9881 | Temple   | Entered the Ecumenical Temple
  9933 | D:7      | Noticed Maggie
  9938 | D:7      | Killed Maggie
 10168 | D:7      | Reached XP level 9. HP: 49/55 MP: 0/0
 10168 | D:7      | Learned a level 3 spell: Teleport Other
 10225 | D:7      | Found a flagged portal.
 10231 | D:7      | HP: 1/55 [centaur/arrow (8)]
 10233 | D:7      | Shot with an arrow by a centaur

Illustrated notes

Levels and vault maps discovered:
D:1:      spicycebolla_arrival_risky_transporter, layout_basic,
          hangedman_decor_clover_reticule
D:2:      minmay_alternating_diamond, layout_basic, chequers_avenue
D:3:      minmay_door_path, layout_basic, kennysheep_orc_sif_temple,
          dancing_weapons_uskayaw, shapermc_ecumenical_altar_flowoftime,
          serial_glass, glass_columns_a, glass_columns_b,
          uniq_crazy_yiuf_cottage
D:4:      layout_loops_ring, mainiacjoe_overflow_24_doors,
          general_overflow_altar, overflow_temple_1_default,
          nemelex_spade_bored_becter
D:5:      layout_loops_ring, lightli_temple_of_fire,
          nicolae_overflow_hidden_temple, minmay_temple_entry_from_below_a,
          minmay_pentangle
D:6:      layout_cave_pools, ebering_ghost_xom, uniq_blork_the_orc
D:7:      layout_rooms, lemuel_round_altar, grunt_qazlal_sundering,
          lemuel_crystal_altar, enter_bailey_5,
          nicolae_concentric_dashed_squares_mild, uniq_maggie
Temple:   nicolae_temple_ecumenical_triangle

Skill      XL: |  1  2  3  4  5  6  7  8 |
---------------+-------------------------+-----
Spellcasting   | 3 4 5 6 7 |  7.9
Stealth        | 2 3 |  3.0
Armour         | 2 |  2.1
Fighting       | |  0.1
Dodging        | |  2.5

Action                   |  1- 3 |  4- 6 |  7- 9 || total
-------------------------+-------+-------+-------++-------
 Cast: Foxfire           |   106 |   158 |    67 ||   331
       Scorch            |    16 |    58 |    27 ||   101
       Inner Flame       |       |    13 |    15 ||    28
       Ensorcelled Hiber |       |     1 |     1 ||     2
       Slow              |       |     1 |     3 ||     4
       Conjure Flame     |       |       |     1 ||     1
  Use: Scroll            |       |       |    10 ||    10
Armor: Robe              |     2 |     1 |       ||     3
Dodge: Dodged            |     7 |     8 |     2 ||    17
